 Dungeon Crawl Stone Soup version 0.29-a0-275-g389c0b56f3 (webtiles) character file.

Game seed: 1400626139001946192

1866 HotDog the Cudgeller (level 9, -2/54 HPs)
             Began as a Gargoyle Fighter on Mar 10, 2022.
             Was a Follower of the Shining One.
             Slain by a two-headed ogre
             ... wielding a +0 giant club
              (10 damage)
             ... on level 8 of the Dungeon.
             The game lasted 00:10:19 (8323 turns).

HotDog the Cudgeller (Gargoyle Fighter)             Turns: 8323, Time: 00:10:19

Health: -2/54      AC: 18    Str: 23    XL:     9   Next: 13%
Magic:  11/11      EV:  8    Int:  8    God:    the Shining One [*.....]
Gold:   361        SH:  5    Dex: 11    Spells: 8/8 levels left

rFire   + . .      SeeInvis +   a - +0 flail
rCold   . . .      Faith    .   c - +0 buckler
rNeg    + . .      Spirit   .   r - +0 chain mail {rF+}
rPois   ∞          Reflect  .   (no helmet)
rElec   +          Harm     .   v - +0 cloak
rCorr   +          Rampage  .   (no gloves)
Will    .....                   (no boots)
Stlth   ..........              (no amulet)
HPRegen 0.18/turn               p - ring of see invisible
MPRegen 0.12/turn               t - ring of resist corrosion

@: glowing
A: sickness immunity, AC +6, negative energy resistance 1, electricity
resistance, torment resistance 1, petrification resistance
a: Renounce Religion, Divine Shield


You were on level 8 of the Dungeon.
You worshipped the Shining One.
The Shining One was aware of your devotion.
You visited 2 branches of the dungeon, and saw 9 of its levels.

You collected 361 gold pieces.

Inventory:

Hand Weapons
 a - a +0 flail (weapon)
Armour
 c - a +0 buckler (worn)
 r - a +0 chain mail of fire resistance (worn)
 v - a +0 cloak (worn)
Jewellery
 k - a ring of protection from fire
 p - a ring of see invisible (left hand)
 t - a ring of resist corrosion (right hand)
 u - a ring of flight
Wands
 A - a wand of digging (5)
Scrolls
 b - 2 scrolls of enchant weapon
 f - a scroll of fog
 g - 4 scrolls of teleportation
 h - a scroll of holy word {unknown}
 j - a scroll of blinking {unknown}
 n - 2 scrolls of vulnerability {unknown}
 o - a scroll of torment {unknown}
 q - 2 scrolls of immolation {unknown}
 s - a scroll of brand weapon {unknown}
 x - a scroll of enchant armour {unknown}
 y - a scroll of identify
 D - a scroll of silence {unknown}
Potions
 d - a potion of might
 e - a potion of magic
 i - 2 potions of lignification
 m - a potion of berserk rage {unknown}
 w - a potion of degeneration {unknown}
 z - 2 potions of attraction {unknown}
 B - a potion of brilliance {unknown}
 C - a potion of mutation {unknown}


   Skills:
 * Level 5.4 Fighting
 * Level 7.3 Maces & Flails
 * Level 6.5 Armour
 * Level 2.8 Dodging
 * Level 5.1 Shields
 * Level 3.7 Invocations


You had 8 spell levels left.
You didn't know any spells.
Your spell library contained the following spells:

 Spells                   Type           Power      Damage    Failure   Level
 Beastly Appendage        Tmut           0%         N/A       98%         1
 Magic Dart               Conj           0%         1d3       98%         1
 Call Imp                 Summ           0%         N/A       99%         2
 Ensorcelled Hibernation  Hex/Ice        0%         N/A       99%         2
 Wereblood                Tmut           0%         N/A       99%         2
 Ignite Poison            Fire/Tmut/Pois 0%         N/A       100%        3
 Mephitic Cloud           Conj/Pois/Air  0%         N/A       100%        3
 Spider Form              Tmut/Pois      0%         N/A       100%        3
 Anguish                  Hex/Necr       0%         N/A       100%        4
 Freezing Cloud           Conj/Ice/Air   0%         6-21      100%        5


Dungeon Overview and Level Annotations

Branches:
Dungeon (8/15)             Temple (1/1) D:5
   Lair: D:8-11

Altars:
Cheibriados
Gozag
Hepliaklqana
Kikubaaqudgha
Nemelex Xobeh
Qazlal
Sif Muna
Trog
Yredelemnul
The Shining One

Shops:
D:3 :


Innate Abilities, Weirdness & Mutations

You are immune to sickness and miasma.
Your stone body is resilient. (AC +6)
You are immune to poison.
You resist negative energy. (rN+)
You are resistant to electric shocks. (rElec)
You are resistant to unholy torment.
You are immune to petrification.


Message History

Things that are here:
a +0 dagger; a +0 robe; an orc corpse You hit the orc wizard.
The orc wizard is almost dead.
The orc wizard barely misses you.
You sock the orc wizard!
You kill the orc wizard!
The orc wizard hits you but does no damage.
You block the orc wizard's attack.
Things that are here:
a +0 dagger; a +0 robe; an orc corpse The orc wizard hits you but does no damage.
You closely miss the orc wizard.
The orc wizard is severely wounded.
The orc wizard closely misses you.
A two-headed ogre comes into view.
It is wielding a +0 giant club and a +0 giant spiked club.
The two-headed ogre shouts in stereo!
You completely miss the orc wizard.
The orc wizard is severely wounded.
You block the orc wizard's attack.
You sock the orc wizard!
You kill the orc wizard!
The two-headed ogre hits you with a +0 giant club!
The two-headed ogre hits you with a +0 giant spiked club!
The two-headed ogre attacks as you move away!
The two-headed ogre hits you with a +0 giant club!
* * * LOW HITPOINT WARNING * * *
The two-headed ogre hits you with a +0 giant spiked club!
The Shining One protects you from harm!
You see here a wand of polymorph (3).
You see here a howler monkey corpse.
There is a stone staircase leading up here.
Okay, then.
The two-headed ogre attacks as you move away!
The two-headed ogre hits you with a +0 giant club!
* * * LOW HITPOINT WARNING * * *
The two-headed ogre hits you but does no damage.
You feel better.
The two-headed ogre hits you with a +0 giant club!
You die...

.# ####.####
##........
#.......#
#.......#
#.......#
####.......#
#......@...#
######.##..O....#
................#
#.......##.####
####.......##.#
...........##.#
###.......##.#
#.......##.#
#.......##.#


You could see a two-headed ogre.

Vanquished Creatures
  Menkaure (D:5)
  A steam dragon (D:7)
  A sky beast (D:7)
  2 black bears (D:6)
  An orc warrior (D:7)
  2 ogres
  2 bullfrogs (D:7)
  3 necrophages
  2 scorpions
  3 howler monkeys
  2 hounds
  2 jellies (D:6)
  An orc priest (D:4)
  3 iguanas
  5 orc wizards
  2 adders
  5 gnolls (D:6)
  2 shadow imps
  A white imp (D:6)
  3 ufetubi
  12 orcs
  8 endoplasms
  9 giant cockroaches
  7 goblins
  7 hobgoblins
  3 jackals (D:2)
  4 kobolds
  3 quokkas
  4 ball pythons
  3 bats
  3 frilled lizards
  2 rats (D:2)
109 creatures vanquished.

Notes
Turn   | Place    | Note
-------+----------+-------------------------------------------
     0 | D:1      | HotDog the Gargoyle Fighter began the quest for the Orb.
     0 | D:1      | Reached XP level 1. HP: 14/14 MP: 1/1
   147 | D:1      | Reached XP level 2. HP: 12/19 MP: 2/2
  1266 | D:2      | Reached XP level 3. HP: 23/23 MP: 3/3
  1407 | D:2      | Found a faded altar of an unknown god.
  1621 | D:2      | Found a hazy altar of Hepliaklqana.
  1862 | D:2      | Reached XP level 4. HP: 28/28 MP: 4/4
  2429 | D:3      | Found Ferropuw's Book Boutique.
  2825 | D:4      | Reached skill level 1 in Invocations
  2856 | D:4      | Reached skill level 3 in Maces & Flails
  2946 | D:4      | Reached skill level 1 in Dodging
  2946 | D:4      | Reached XP level 5. HP: 11/33 MP: 5/5
  3163 | D:4      | Noticed an ogre
  3178 | D:5      | Entered Level 5 of the Dungeon
  3323 | D:5      | Found a staircase to the Ecumenical Temple.
  3339 | Temple   | Entered the Ecumenical Temple
  3509 | Temple   | Became a worshipper of the Shining One
  3593 | D:5      | Reached XP level 6. HP: 35/38 MP: 7/7
  3809 | D:5      | Noticed Menkaure
  3819 | D:5      | Killed Menkaure
  3820 | D:5      | Reached skill level 4 in Maces & Flails
  4038 | D:5      | Identified the +2 scale mail of the Red Skies {rF- rC+ rN+}
  4221 | D:5      | Reached XP level 7. HP: 22/43 MP: 8/8
  4446 | D:5      | Reached skill level 5 in Armour
  4968 | D:6      | Reached skill level 5 in Maces & Flails
  5615 | D:4      | Reached XP level 8. HP: 39/48 MP: 8/10
  6568 | D:6      | Reached skill level 6 in Maces & Flails
  7102 | D:7      | Reached * piety under the Shining One
  7112 | D:7      | Reached skill level 5 in Fighting
  7525 | D:7      | Reached skill level 7 in Maces & Flails
  7724 | D:7      | Reached skill level 5 in Shields
  7724 | D:7      | Reached XP level 9. HP: 38/54 MP: 11/11
  8275 | D:8      | Noticed a two-headed ogre
  8280 | D:8      | The Shining One protects you from harm!
  8322 | D:8      | HP: 1/54 [two-headed ogre/+0 giant club (15)]
  8323 | D:8      | Slain by a two-headed ogre

Illustrated notes

Levels and vault maps discovered:
D:1:      lemuel_arrival_tunnels, layout_basic
D:2:      layout_loops_ring, basic_altar, ebering_ecumenical_altar_hall
D:3:      layout_loops_ring, serial_shops, nicolae_shop_hallway_plus
D:4:      layout_cave_pools
D:5:      layout_gridville, minmay_temple_entry_trees, uniq_menkaure
D:6:      layout_basic, minmay_misc_feat_enclosed
D:7:      layout_basic
D:8:      layout_loops_ring
Temple:   mainiacjoe_temple_trianglar_array

Skill      XL: |  1  2  3  4  5  6  7  8 |
---------------+-------------------------+-----
Armour         | 4 5 6 |  6.5
Invocations    | 1 2 3 |  3.7
Maces & Flails | 3 4 5 7 |  7.3
Dodging        | 1 2 |  2.8
Fighting       | 4 5 |  5.4
Shields        | 4 5 |  5.1

Action                   |  1- 3 |  4- 6 |  7- 9 || total
-------------------------+-------+-------+-------++-------
Melee: Flail             |   116 |    82 |   212 ||   410
Invok: Divine Shield     |       |       |     1 ||     1
  Use: Scroll            |     1 |     3 |     1 ||     5
       Potion            |       |     4 |     2 ||     6
Armor: Scale mail        |    83 |     5 |       ||    88
       Chain mail        |       |    39 |   187 ||   226
Dodge: Dodged            |    64 |    30 |   110 ||   204
Block: Buckler           |    20 |    18 |    59 ||    97

Table legend: (Time is in decaauts)
 A = Elapsed time spent in this place.
 B = Non-inter-level travel time spent in this place.
 C = Inter-level travel time spent in this place.
 D = Time resting spent in this place.
 E = Time spent auto-exploring this place.
 F = Levels seen in this place.
 G = Mean time per level.
                   A        B        C        D        E       F      G
               +--------+--------+--------+--------+--------+-----+--------+
         Total |   8383 |   8008 |    375 |   1236 |   5688 |   9 |  931.4 |
       Dungeon |   8185 |   7838 |    347 |   1236 |   5530 |   8 | 1023.1 |
        Temple |    197 |    169 |     28 |      0 |    158 |   1 |  197.0 |
               +--------+--------+--------+--------+--------+-----+--------+

Top non-repeatable levels by time:
     D:6: 2065 daAuts
     D:5: 1346 daAuts
     D:4: 1201 daAuts
     D:1: 1181 daAuts
     D:2: 873 daAuts
     D:7: 769 daAuts
     D:3: 613 daAuts
  Temple: 197 daAuts
     D:8: 135 daAuts
